 Dungeon Crawl Stone Soup version 0.22-a0-322-g60b3cfd (webtiles) character file.

28 4thArraOfDagon the Vexing (level 2, -2/19 HPs)
             Began as a Mummy Enchanter on Apr 3, 2018.
             Slain by a worker ant (6 damage)
             ... on level 3 of the Dungeon.
             The game lasted 00:01:47 (891 turns).

4thArraOfDagon the Vexing (Mummy Enchanter)          Turns: 891, Time: 00:01:48

Health: -2/19      AC:  2    Str: 11    XL:     2   Next: 96%
Magic:  0/5        EV: 12    Int: 14    God:
Gold:   29         SH:  0    Dex: 12    Spells: 3/6 levels left

rFire    x . .     SeeInvis .   a - +1 dagger
rCold    + . .     Gourm    .   (no shield)
rNeg     + + +     Faith    .   b - +0 robe
rPois    ∞         Spirit   .   (no helmet)
rElec    .         Reflect  .   (no cloak)
rCorr    .         Harm     .   (no gloves)
MR       .....                  (no boots)
Stlth    ++........             (no amulet)
HPRegen  0.06/turn              (no ring)
MPRegen  0.09/turn              (no ring)

@: very slightly contaminated
A: no food or potions, fire vulnerability, cold resistance 1, negative energy
resistance 3, torment resistance, unbreathing
a: no special abilities


You were on level 3 of the Dungeon.
You were not hungry.

You visited 1 branch of the dungeon, and saw 3 of its levels.

You collected 29 gold pieces.

Inventory:

Hand Weapons
 a - a +1 dagger (weapon)
Armour
 b - a +0 robe (worn)
Scrolls
 c - 2 scrolls of teleportation {unknown}
 d - a scroll of enchant armour {unknown}


   Skills:
 * Level 2.4 Short Blades
 - Level 1.5 Dodging
 - Level 2.4 Stealth
 - Level 2.6 Spellcasting
 - Level 2.6 Hexes


You had 3 spell levels left.
You knew the following spells:

 Your Spells              Type           Power        Failure   Level  Hunger
a - Corona                Hex            #......      8%          1    N/A
b - Ensorcelled Hibernat  Hex/Ice        #.....       19%         2    N/A

Dungeon Overview and Level Annotations

Branches:
Dungeon (3/15)

Altars:


Innate Abilities, Weirdness & Mutations

You do not eat or drink.
Your flesh is vulnerable to fire.
You are immune to poison.
Your flesh is cold resistant. (rC+)
You are immune to negative energy. (rN+++)
You are immune to unholy pain and torment.
You can survive without breathing.


Message History

Aiming: Corona (safe; 8% risk of failure)
Press: ? - help, Shift-Dir - straight line, f/p - worker ant
Aim: a worker ant (heavily wounded, chance to defeat MR: 52%)
You miscast Corona.
You are very lightly contaminated with residual magic.
Nothing appears to happen.
The worker ant bites you.
Casting: Corona (safe; 8% risk of failure)
Confirm with . or Enter, or press ? or * to list all spells.
Aiming: Corona (safe; 8% risk of failure)
Press: ? - help, Shift-Dir - straight line, f/p - worker ant
Aim: a worker ant (heavily wounded, chance to defeat MR: 52%)
The worker ant is outlined in light.
The worker ant bites you.
* * * LOW HITPOINT WARNING * * *
Casting: Corona (safe; 8% risk of failure)
Confirm with . or Enter, or press ? or * to list all spells.
Aiming: Corona (safe; 8% risk of failure)
Press: ? - help, Shift-Dir - straight line, f/p - worker ant
Aim: a worker ant (heavily wounded, softly glowing, chance to defeat MR: 52%)
The worker ant struggles to resist.
The worker ant bites you.
You die...

###### #.##.######
#..#.@a...#
#(.#†####.#
#.#.#..#.#### ##
#......(<..!#
...###########.#
##.............#
......÷.#....###.#
##.####.#.#......#
#..#.#.########


You could see a worker ant.

Vanquished Creatures
  A dart slug (D:2)
  A leopard gecko (D:3)
  2 bats
  5 giant cockroaches
  A goblin (D:3)
  A hobgoblin (D:3)
  3 jackals (D:3)
  A frilled lizard (D:2)
  2 kobolds
  6 rats
23 creatures vanquished.

Notes
Turn   | Place    | Note
-------+----------+-------------------------------------------
     0 | D:1      | 4thArraOfDagon the Mummy Enchanter began the quest for the Orb.
     0 | D:1      | Reached XP level 1. HP: 13/13 MP: 4/4
   136 | D:1      | Reached skill level 1 in Short Blades
   221 | D:1      | Reached XP level 2. HP: 11/19 MP: 5/5
   249 | D:1      | Learned a level 2 spell: Ensorcelled Hibernation
   891 | D:3      | Slain by a worker ant

Vault maps used:
D:1:      onia_arrival_larder
D:2:      fedhas_altar_4, minmay_item_behind_shaft, minmay_fountain_box,
          uniq_terence, uniq_sigmund
D:3:      overflow_temple_1_default, first_ration

Skill      XL: |  1  2 |
---------------+-------+-----
Short Blades   | 1 2 |  2.4
Dodging        | |  1.5
Stealth        | |  2.4
Spellcasting   | |  2.6
Hexes          | |  2.6

Action                   || total
-------------------------++-------
Melee: Dagger            ||    85
 Cast: Corona            ||    12
       Ensorcelled Hiber ||     7
 Stab: Sleeping          ||     8
Armor: Robe              ||    17
Dodge: Dodged            ||    45

Table legend:
 A = Spawn XP
 B = Non-spawn XP
 C = Spawn XP percentage of total XP
 D = Spawn monster count
 E = Non-spawn monster count
 F = Spawn count percentage of total count
 G = Total turns spent on level
                    A         B        C        D         E        F      G
               +---------+---------+-------+---------+---------+-------+---------
         Total |       0 |      40 |   0.0 |       0 |      23 |   0.0 |   891
               +---------+---------+-------+---------+---------+-------+---------
           D:1 |       0 |      14 |   0.0 |       0 |       9 |   0.0 |   294
           D:2 |       0 |      11 |   0.0 |       0 |       7 |   0.0 |   176
           D:3 |       0 |      15 |   0.0 |       0 |       7 |   0.0 |   421
               +---------+---------+-------+---------+---------+-------+---------
